 Dungeon Crawl Stone Soup version 0.29.1-1-gd02db6906a (webtiles) character file.

Game seed: 16190180119848812393

1474 Senryu the Cleaver (level 8, 0/60 (67) HPs)
             Began as a Minotaur Gladiator on Oct 2, 2022.
             Was a Follower of the Shining One.
             Slain by a wight
             ... wielding a +2 scimitar
              (6 damage)
             ... on level 6 of the Dungeon.
             The game lasted 00:24:43 (5692 turns).

Senryu the Cleaver (Minotaur Gladiator)             Turns: 5692, Time: 00:24:44

HP:   0/60 (67)     AC: 10    Str: 19    XL:     8   Next: 49%
MP:   8/8           EV:  9    Int:  7    God:    the Shining One [*.....]
Gold: 291           SH:  0    Dex: 12    Spells: 4/7 levels left

rFire   . . .      SeeInvis .   a - +0 war axe
rCold   . . .      Faith    .   n - orb {guile}
rNeg    . . .      Spirit   .   r - +1 chain mail
rPois   .          Reflect  .   c - +0 hat
rElec   .          Harm     .   (no cloak)
rCorr   .          Rampage  .   (no gloves)
Will    .....                   (no boots)
Stlth   ..........              (no amulet)
HPRegen 0.20/turn               (no ring)
MPRegen 0.11/turn               (no ring)

@: glowing, heavily drained
A: horns 2, retaliatory headbutt
a: Renounce Religion, Divine Shield


You were on level 6 of the Dungeon.
You worshipped the Shining One.
The Shining One was aware of your devotion.
You visited 2 branches of the dungeon, and saw 7 of its levels.

You collected 291 gold pieces.

Inventory:

Hand Weapons
 a - a +0 war axe (weapon)
Missiles
 e - 2 javelins (quivered)
 g - 6 atropa-tipped darts
 h - 7 poisoned darts
 j - 2 datura-tipped darts
 l - 3 boomerangs
 m - 2 curare-tipped darts
Armour
 b - a +1 leather armour
 c - a +0 hat (worn)
 n - an orb of guile (worn)
 r - a +1 chain mail (worn)
Jewellery
 q - a ring of willpower
Wands
 w - a wand of flame (17)
 A - a wand of polymorph (6)
Scrolls
 d - 3 scrolls of teleportation {unknown}
 s - a scroll of butterflies
 t - 2 scrolls of summoning
 v - a scroll of identify
 y - a scroll of blinking {unknown}
Potions
 f - 3 potions of flight {unknown}
 i - a potion of cancellation {unknown}
 k - a potion of mutation {unknown}
 o - 2 potions of curing
 p - a potion of lignification
 u - a potion of haste {unknown}
 x - 2 potions of might {unknown}
 z - a potion of brilliance {unknown}


   Skills:
 * Level 4.4 Fighting
 * Level 8.1 Axes
 * Level 3.4 Throwing
 * Level 5.4 Armour
 * Level 5.0 Dodging
 * Level 2.4 Stealth
 * Level 0.4 Spellcasting
 * Level 0.2 Hexes
 * Level 2.1 Invocations
 * Level 1.7 Evocations


You had 4 spell levels left.
You knew the following spells:

 Your Spells              Type           Power      Damage    Failure   Level
a - Tukima's Dance        Hex            0%         N/A       100%        3

Your spell library contained the following spells:

 Spells                   Type           Power      Damage    Failure   Level
 Passage of Golubria      Tloc           0%         N/A       100%        4
 Yara's Violent Unravell  Hex/Tmut       0%         3d3       100%        5


Dungeon Overview and Level Annotations

Branches:
Dungeon (6/15)             Temple (1/1) D:4

Altars:
Cheibriados
Dithmenos
Elyvilon
Gozag
Kikubaaqudgha
Okawaru
Qazlal
Uskayaw
Zin
The Shining One

Annotations:
D:6 5 runed translucent doors


Innate Abilities, Weirdness & Mutations

You have a pair of horns on your head.
You reflexively headbutt those who attack you in melee.


Message History

You barely miss the wight. The wight hits you with a +2 scimitar.
The wight hits you but does no damage.
A jackal comes into view.
You barely miss the wight.
The jackal barks!
Your headbutt misses the wight.
The wight is moderately damaged.
You hit the wight but do no damage. The wight barely misses you.
The wight hits you with a +2 scimitar!
A gnoll comes into view. It is wielding a +0 flail.
The wight hits you but does no damage. The wight hits you with a +2 scimitar!
A gnoll comes into view. It is wielding a +0 spear.
The gnoll shouts!
You slash the wight!
You headbutt the wight, but do no damage.
The wight is almost destroyed.
You slash the wight!
You hear a shout!
The gnoll hits you from afar with a +1 halberd of venom!
You are poisoned.
The wight barely misses you.
An orc comes into view. It is wielding a +0 club.
The wight hits you with a +2 short sword!
* * * LOW HITPOINT WARNING * * *
You feel drained.
* * * LOW HITPOINT WARNING * * *
You feel better. The gnoll barely misses you. The wight misses you.
The wight barely misses you. The wight hits you with a +2 scimitar.
* * * LOW HITPOINT WARNING * * *
You feel drained.
* * * LOW HITPOINT WARNING * * *
Things that are here:
a +0 dagger; a +0 robe The wight attacks as you move away!
The wight hits you with a +2 scimitar.
* * * LOW HITPOINT WARNING * * *
You feel drained.
* * * LOW HITPOINT WARNING * * *
The wight attacks as you move away! The wight hits you with a +2 scimitar.
You die...

#..#............##.....#.
#........ .............#. .
#......## ...........)..
.o##...!... ##..........#.
.......... #..........###
.........### #.....#..###..
....g......# #.............
...(...ghz.###.............
......##.z@........[....[..
#.?.. ####.....###†'##....
#.!g ##...##⌠..).##... #..
#.#.##.....##... ..
#.#.####...##... #
#.#.##.'...##.##
#.#.##.#...##.#
#.#..#######..#
#.....#####...#


You could see 2 wights, 2 gnolls and a jackal.

Vanquished Creatures
  A harpy (D:6)
  A centaur (D:5)
  3 scorpions
  2 wights (D:6)
  6 hounds
  A gnoll bouda (D:6)
  4 iguanas
  15 adders
  15 gnolls
  3 worms
  7 dart slugs
  12 orcs
  10 ball pythons
  7 bats
  5 endoplasms
  3 giant cockroaches
  6 goblins
  2 hobgoblins
  6 jackals
  2 quokkas
  4 frilled lizards
  9 kobolds
  4 rats
128 creatures vanquished.

Vanquished Creatures (others)
  4 plants (D:3)
4 creatures vanquished.

Grand Total: 132 creatures vanquished

Notes
Turn   | Place    | Note
-------+----------+-------------------------------------------
     0 | D:1      | Senryu the Minotaur Gladiator began the quest for the Orb.
     0 | D:1      | Reached XP level 1. HP: 18/18 MP: 0/0
   100 | D:1      | Found a faded altar of an unknown god.
   331 | D:2      | Reached XP level 2. HP: 25/25 MP: 1/1
   414 | D:3      | Reached skill level 4 in Axes
   414 | D:3      | Reached skill level 1 in Armour
   431 | D:4      | Reached XP level 3. HP: 19/30 MP: 2/2
   498 | D:4      | Noticed a scorpion
   505 | D:4      | Killed a scorpion
   506 | D:4      | Reached XP level 4. HP: 33/37 MP: 3/3
   547 | D:4      | Reached skill level 5 in Axes
   547 | D:4      | Reached skill level 1 in Stealth
   673 | D:4      | Found a staircase to the Ecumenical Temple.
   708 | Temple   | Entered the Ecumenical Temple
   743 | Temple   | Became a worshipper of the Shining One
   807 | D:4      | Reached XP level 5. HP: 44/44 MP: 4/4
  1492 | D:3      | Identified the +6 long sword of the Scavenger {chaos, rC+
                  | rN+ Dex-4}
  1667 | D:3      | Found a white marble altar of Elyvilon.
  1674 | D:3      | Found a snail-covered altar of Cheibriados.
  1677 | D:3      | Found a glowing silver altar of Zin.
  2060 | D:2      | Reached XP level 6. HP: 51/51 MP: 5/5
  2609 | D:2      | Reached skill level 6 in Axes
  2662 | D:2      | Found a shadowy altar of Dithmenos.
  3311 | D:5      | Entered Level 5 of the Dungeon
  3632 | D:5      | Reached XP level 7. HP: 46/57 MP: 6/6
  3995 | D:5      | Reached skill level 1 in Invocations
  4241 | D:5      | Reached skill level 1 in Evocations
  4245 | D:5      | Reached skill level 7 in Axes
  4495 | D:5      | Found an opulent altar of Gozag.
  4849 | D:6      | Noticed a steam dragon
  4852 | D:6      | Noticed a harpy
  4852 | D:6      | a steam dragon changed into a harpy
  4860 | D:6      | Killed a harpy
  4861 | D:6      | Reached XP level 8. HP: 45/66 MP: 6/8
  4878 | D:6      | Reached skill level 5 in Armour
  5084 | D:6      | Reached * piety under the Shining One
  5326 | D:6      | Learned a level 3 spell: Tukima's Dance
  5348 | D:6      | Found the +9 staff of Olgreb {rPois∞}
  5354 | D:6      | Found a runed translucent door.
  5376 | D:6      | Found a runed translucent gate.
  5376 | D:6      | Found a runed translucent gate.
  5378 | D:6      | Found a runed translucent door.
  5391 | D:6      | Found a runed translucent gate.
  5563 | D:6      | Reached skill level 8 in Axes
  5563 | D:6      | Reached skill level 5 in Dodging
  5692 | D:6      | Slain by a wight

Illustrated notes

Levels and vault maps discovered:
D:1:      co_arrival_random_square_maze, layout_rooms, basic_ecumenical_altar
D:2:      layout_basic, basic_altar, minmay_fountain_box
D:3:      layout_rooms, grunt_temple_overflow_diamond, serial_bayou_lagoon_b
D:4:      layout_basic, minmay_temple_entry_mini_moons
D:5:      layout_loops_corners, kennysheep_little_box
D:6:      layout_cave_pools, serial_gnoll_camp, gnoll_camp_mini_house,
          gnoll_camp_mini_hut, gnoll_camp_medium_01, gnoll_camp_mini_hut,
          gnoll_camp_mini_shop, gnoll_camp_mini_basic,
          minmay_guarded_unrand_staff_of_olgreb
Temple:   jpeg_temple_clearing

Skill      XL: |  1  2  3  4  5  6  7  8 |
---------------+-------------------------+-----
Axes           | 4 5 6 7 8 |  8.1
Armour         | 1 2 3 4 5 |  5.4
Dodging        | 4 5 |  5.0
Stealth        | 1 2 |  2.4
Fighting       | 3 4 |  4.4
Invocations    | 1 2 |  2.1
Evocations     | 1 |  1.7
Throwing       | 3 |  3.4
Spellcasting   | |  0.4
Hexes          | |  0.2

Action                   |  1- 3 |  4- 6 |  7- 9 || total
-------------------------+-------+-------+-------++-------
Melee: War axe           |    30 |   130 |    86 ||   246
       Headbutt          |     4 |    28 |    19 ||    51
       Punch             |     1 |       |       ||     1
Throw: Throwing net      |     3 |     2 |       ||     5
       Javelin           |       |       |     4 ||     4
Evoke: Wand              |       |     1 |     2 ||     3
  Use: Scroll            |       |     7 |       ||     7
       Potion            |       |     1 |     2 ||     3
Armor: Leather armour    |    15 |    14 |       ||    29
       Chain mail        |       |    60 |    62 ||   122
Dodge: Dodged            |    27 |    98 |    69 ||   194
